Match 42009194
Unlisted

Match 42009194
End
Construct Weapon Support Center
Selects Heavy Weapons
Scout Squad
M1919 Machine Gun Team
M1919 Machine Gun Team
Construct Barracks
Riflemen Squad
Infantry Support Center
Selects M2HB .50cal Heavy Machine Gun
Bazooka Squad
Construct Medical Station
M3 Armored Personnel Carrier
Selects Assault Carriers
Engineer Squad
Captain Retinue
Construct Tank Depot
Selects Rapid Reposition
Selects Exchangeable Parts
Riflemen Squad
M4(105) Sherman Bulldozer
Grenade Package
Selects Bolstered Team Weapons
Demolitions Package
Engineer Squad
Captain Retinue
Improved M9 Bazooka Rockets
Engineer Squad
Bazooka Squad
M18 Hellcat Tank Destroyer
Riflemen Squad
Selects M26 Pershing Heavy Tank
Riflemen Squad
ThreekidsinaTrenchcoat
Dullahan
0
0

Comments sign in to comment!

No comments posted yet!